 Dungeon Crawl Stone Soup version 0.26-a0-257-g47e9e61525 (webtiles) character file.

Game seed: 8696756775345785181

1640 Infinimo the Digger (level 8, -11/61 HPs)
             Began as a Mummy Earth Elementalist on July 10, 2020.
             Killed from afar by an orc wizard (18 damage)
             ... with a puff of flame
             ... on level 5 of the Dungeon.
             The game lasted 00:09:56 (6816 turns).

Infinimo the Digger (Mummy Earth Elementalist)      Turns: 6816, Time: 00:09:57

Health: -11/61     AC:  2    Str: 11    XL:     8   Next: 66%
Magic:  4/17       EV: 12    Int: 16    God:
Gold:   238        SH:  0    Dex: 13    Spells: 16/20 levels left

rFire    x . .     SeeInvis .   a - +0 falchion (elec)
rCold    + . .     Faith    .   (no shield)
rNeg     + + +     Spirit   .   c - +0 robe
rPois    ∞         Reflect  .   (no helmet)
rElec    .         Harm     .   (no cloak)
rCorr    +                      (no gloves)
MR       +....                  (no boots)
Stlth    ++........             (no amulet)
HPRegen  0.20/turn              i - ring of resist corrosion
MPRegen  0.15/turn              (no ring)

@: no status effects
A: no food or potions, fire vulnerability, cold resistance 1, negative energy
resistance 3, torment resistance, unbreathing
a: no special abilities


You were on level 5 of the Dungeon.
You were not hungry.

You visited 1 branch of the dungeon, and saw 5 of its levels.

You collected 238 gold pieces.

Inventory:

Hand Weapons
 a - a +0 falchion of electrocution (weapon)
Missiles
 b - 4 stones (quivered)
Armour
 c - a +0 robe (worn)
 k - a +3 leather armour of cold resistance
Jewellery
 i - a ring of resist corrosion (left hand)
Scrolls
 d - 2 scrolls of teleportation
 e - 3 scrolls of fog
 g - 4 scrolls of identify


   Skills:
 + Level 4.8 Fighting
 - Level 1.5 Dodging
 - Level 1.5 Stealth
 + Level 6.6 Spellcasting
 * Level 3.1 Conjurations
   Level 0.7 Transmutations
 * Level 6.6 Earth Magic


You had 16 spell levels left.
You knew the following spells:

 Your Spells              Type           Power        Failure   Level
a - Sandblast             Erth           ####..       1%          1
b - Stone Arrow           Conj/Erth      ###...       5%          3

Your spell library contained the following spells:

 Spells                   Type           Power        Failure   Level
 Passwall                 Tmut/Erth      ###.....     4%          2
 Lee's Rapid Deconstruct  Erth           ####......   24%         5
 Petrify                  Tmut/Erth      ###.....     28%         4


Dungeon Overview and Level Annotations

Branches:
Dungeon (5/15)
 Temple: D:4-7

Altars:
Ashenzari
Hepliaklqana
Kikubaaqudgha
Makhleb
Nemelex Xobeh
Qazlal
Sif Muna
Trog
Wu Jian
The Shining One

Annotations:
D:5 1 runed translucent door, Crazy Yiuf


Innate Abilities, Weirdness & Mutations

You do not eat or drink.
Your flesh is vulnerable to fire.
You are immune to poison.
Your flesh is cold resistant. (rC+)
You are immune to negative energy. (rN+++)
You are immune to unholy pain and torment.
You can survive without breathing.


Message History

Confirm with . or Enter, or press ? or * to list all spells.
Aiming: Sandblast (safe; 1% risk of failure)
Press: ? - help, Shift-Dir - straight line The blast of sand hits something!
b - 5 stones Something hits you.
* * * LOW HITPOINT WARNING * * *
Casting: Sandblast (safe; 1% risk of failure)
Confirm with . or Enter, or press ? or * to list all spells.
Aiming: Sandblast (safe; 1% risk of failure)
Press: ? - help, Shift-Dir - straight line
b - 4 stones You hear some strange, mumbled words.
A puff of frost appears from out of thin air!
The puff of frost hits you. You resist.
* * * LOW HITPOINT WARNING * * *
You hear some strange, mumbled words.
A puff of flame appears from out of thin air!
The puff of flame hits you!! The fire burns you terribly!
You die...

#..##....###..........#
##.##....########...%.#
#.##....#...# #.....#
#.#####.....# #[....#
#.####..#...# #.....#
####.#....####.##
#.....# .......####
#..# ####### .....###
##.######## #.#..###
#.@#.....## ..##...##
##{)>.....##
####...<### #.........#
##.....######.........#
####..................#
#.#######.....$....#
#### #.# #..........#
...# #.# ##........##
...# ... .......>.#


There were no monsters in sight!

Vanquished Creatures
  Sigmund (D:2)
  Eustachio (D:4)
  An ice beast (D:4)
  3 phantoms
  An ogre (D:5)
  A centaur (D:5)
  The ghost of deyja the Chiller, an amateur MfIE (D:4)
  A howler monkey (D:4)
  A hound (D:4)
  5 orc priests
  6 orc wizards
  Ijyb (D:4)
  5 worker ants
  3 worker ant zombies (D:5)
  Robin (D:3)
  5 adders
  A shadow imp (D:5)
  An ooze (D:2)
  4 worms
  A dart slug (D:2)
  6 leopard geckos
  23 orcs
  A ball python (D:2)
  8 bats
  5 giant cockroaches
  20 goblins
  10 hobgoblins
  4 jackals (D:1)
  2 kobolds (D:3)
  A quokka (D:4)
  5 frilled lizards
  9 rats
138 creatures vanquished.

Notes
Turn   | Place    | Note
-------+----------+-------------------------------------------
     0 | D:1      | Infinimo the Mummy Earth Elementalist began the quest for
                  | the Orb.
     0 | D:1      | Reached XP level 1. HP: 13/13 MP: 4/4
   615 | D:1      | Reached XP level 2. HP: 17/20 MP: 5/5
  1192 | D:1      | Reached skill level 1 in Fighting
  1821 | D:2      | Reached XP level 3. HP: 26/26 MP: 4/7
  2500 | D:2      | Reached XP level 4. HP: 32/32 MP: 7/9
  2697 | D:2      | Noticed Sigmund
  2723 | D:2      | Killed Sigmund
  2723 | D:2      | Reached XP level 5. HP: 30/39 MP: 5/11
  2909 | D:3      | Noticed Robin
  3001 | D:3      | Killed Robin
  3127 | D:3      | Reached XP level 6. HP: 46/46 MP: 8/12
  3163 | D:3      | Found a shattered altar of Ashenzari.
  4561 | D:4      | Found a stormy altar of Qazlal.
  4588 | D:4      | Reached skill level 5 in Spellcasting
  4654 | D:4      | Reached skill level 5 in Earth Magic
  4656 | D:4      | Reached XP level 7. HP: 33/52 MP: 6/14
  4889 | D:4      | Noticed Eustachio
  5001 | D:4      | Killed Eustachio
  5017 | D:4      | Learned a level 3 spell: Stone Arrow
  5296 | D:4      | Reached skill level 1 in Conjurations
  5390 | D:4      | Noticed Ijyb
  5410 | D:4      | Killed Ijyb
  5427 | D:4      | HP: 2/54 [ice beast (4)]
  5812 | D:4      | Reached XP level 8. HP: 60/60 MP: 12/17
  5961 | D:4      | Found a runed translucent door.
  5964 | D:4      | Noticed deyja's ghost (amateur MfIE)
  5985 | D:4      | Killed deyja's ghost
  6071 | D:5      | Entered Level 5 of the Dungeon
  6337 | D:5      | Found a shimmering blue altar of Sif Muna.
  6338 | D:5      | Found a bloodstained altar of Trog.
  6338 | D:5      | Found a burning altar of Makhleb.
  6340 | D:5      | Found a sparkling altar of Nemelex Xobeh.
  6342 | D:5      | Found an ornate altar of the Wu Jian Council.
  6342 | D:5      | Found an ancient bone altar of Kikubaaqudgha.
  6354 | D:5      | Found a glowing golden altar of the Shining One.
  6584 | D:5      | Found a hazy altar of Hepliaklqana.
  6732 | D:5      | Found a runed translucent door.
  6733 | D:5      | Noticed Crazy Yiuf
  6816 | D:5      | Killed from afar by an orc wizard

Illustrated notes

Levels and vault maps discovered:
D:1:      dpeg_cavernosity, layout_basic
D:2:      layout_rooms, minmay_hexomino_p4, uniq_sigmund
D:3:      layout_loops_ring, cheibrodos_ashenzari_chains, first_ration,
          uniq_robin
D:4:      minmay_skewed_foursquare, layout_rooms,
          nicolae_overflow_crystal_walls, ebering_ghost_inner_flame,
          gup_sewer_entry_bowl, grunt_ministairs_4, uniq_eustachio, uniq_ijyb
D:5:      layout_rooms, kennysheep_little_box, grunt_temple_overflow_open,
          uniq_crazy_yiuf_cottage

Skill      XL: |  1  2  3  4  5  6  7  8 |
---------------+-------------------------+-----
Spellcasting   | 3 4 5 6 |  6.6
Fighting       | 1 2 3 4 |  4.8
Earth Magic    | 3 4 5 6 |  6.6
Conjurations   | 1 3 |  3.1
Dodging        | |  1.5
Stealth        | |  1.5
Transmutations | |  0.7

Action                   |  1- 3 |  4- 6 |  7- 9 || total
-------------------------+-------+-------+-------++-------
Melee: Club              |    10 |       |       ||    10
       Unarmed           |     6 |       |       ||     6
       Dagger            |    86 |     7 |       ||    93
       Short sword       |       |    38 |     4 ||    42
       Falchion          |       |       |    31 ||    31
 Cast: Sandblast         |    35 |    98 |   120 ||   253
  Use: Scroll            |     2 |     2 |     2 ||     6
 Stab: Sleeping          |     5 |     4 |       ||     9
Armor: Robe              |    33 |    12 |    15 ||    60
Dodge: Dodged            |   104 |    59 |    58 ||   221
       Rpst.: Falchion   |       |       |    21 ||    21

Table legend:
 A = Non-vault XP
 B = Vault XP
 C = Vault XP percentage of total XP
 D = Non-vault monster count
 E = Vault monster count
 F = Vault count percentage of total count
                 A         B        C        D         E       F
            +---------+---------+-------+---------+---------+-------
      Total |    1655 |     688 |  29.4 |     105 |      33 |  23.9
            +---------+---------+-------+---------+---------+-------
        D:1 |      31 |       8 |  20.5 |      17 |       5 |  22.7
        D:2 |      78 |     218 |  73.6 |      19 |       5 |  20.8
        D:3 |     196 |      31 |  13.7 |      31 |      10 |  24.4
        D:4 |     698 |     431 |  38.2 |      22 |      13 |  37.1
        D:5 |     652 |       0 |   0.0 |      16 |       0 |   0.0
            +---------+---------+-------+---------+---------+-------
